 Dungeon Crawl Stone Soup version 0.30.0-13-g156ef70053 (webtiles) character file.

Game seed: 5348634365263410961

114 Strat the Digger (level 5, -5/39 HPs)
             Began as a Meteoran Earth Elementalist on May 17, 2023.
             Was an Initiate of Sif Muna.
             Slain by a lemure (6 damage)
             ... led by Pikel
             ... on level 4 of the Dungeon.
             The game lasted 00:14:07 (1771 turns).

Strat the Digger (Meteoran Earth Elementalist)      Turns: 1771, Time: 00:14:08

Health: -5/39      AC:  4    Str: 10    XL:     5   Next: 42%
Magic:  5/12       EV: 13    Int: 16    God:    Sif Muna [......]
Gold:   168        SH:  0    Dex: 16    Spells: 3/13 levels left

rFire   . . .        a - +3 dagger (freeze)
rCold   . . .        (no shield)
rNeg    . . .        n - +0 robe
rPois   .            (no helmet)
rElec   .            (no cloak)
rCorr   .            f - +0 pair of gloves
SInv    .            u - +0 pair of boots
Will    .....        (no amulet)
Stlth   +            (no ring)
HPRegen 0.26/turn    (no ring)
MPRegen 0.13/turn

%: no passive effects
@: glowing
A: sense surroundings 1, otherworldly, glowing, explore regen
a: Renounce Religion


You were on level 4 of the Dungeon.
You worshipped Sif Muna.
Sif Muna was noncommittal.
You visited 2 branches of the dungeon, and saw 6 of its levels.

You collected 168 gold pieces.

Inventory:

Hand Weapons
 a - a +3 dagger of freezing (weapon)
 s - a +0 dagger
Armour
 f - a +0 pair of gloves (worn)
 n - a +0 robe (worn)
 u - a +0 pair of boots (worn)
 A - the +4 ring mail of the Wilderness {rC+}
   (You found it on level 5 of the Dungeon)

   rC:        It protects you from cold.
Magical Staves
 w - a staff of earth
Jewellery
 j - a ring of fire
 z - a ring of ice
Scrolls
 d - 2 scrolls of fog {unknown}
 g - a scroll of enchant armour {unknown}
 h - 2 scrolls of poison {unknown}
 i - a scroll of identify {unknown}
 m - a scroll of teleportation {unknown}
 o - 4 scrolls of vulnerability {unknown}
 p - a scroll of amnesia {unknown}
 r - 2 scrolls of magic mapping {unknown}
 v - a scroll of silence {unknown}
 y - a scroll of fear {unknown}
Potions
 b - a potion of magic
 c - 2 potions of berserk rage {unknown}
 e - a potion of haste {unknown}
 k - 2 potions of lignification {unknown}
 l - a potion of heal wounds {unknown}
 q - a potion of attraction {unknown}
 t - a potion of brilliance {unknown}
 x - a potion of invisibility {unknown}


   Skills:
 + Level 0.7 Fighting
 + Level 2.7 Dodging
 - Level 1.4 Stealth
 + Level 4.5 Spellcasting
 - Level 1.2 Transmutations
 + Level 5.1 Earth Magic


You had 3 spell levels left.
You knew the following spells:

 Your Spells              Type           Power      Damage    Failure   Level
a - Sandblast             Erth           40%        2d10      1%          1
b - Passwall              Tmut/Erth      10%        N/A       7%          2
c - Stone Arrow           Conj/Erth      22%        3d8       17%         3
d - Petrify               Tmut/Erth      13%        N/A       41%         4

Your spell library contained the following spells:

 Spells                   Type           Power      Damage    Failure   Level
 Portal Projectile        Hex/Tloc       6%         N/A       43%         3
 Tukima's Dance           Hex            3%         N/A       43%         3
 Blade Hands              Tmut           3%         N/A       95%         5


Dungeon Overview and Level Annotations

Branches:
Dungeon (5/15) Zot: 1247   Temple (1/1) D:4 Zot: 528

Altars:
Cheibriados
Dithmenos
Elyvilon
Fedhas
Gozag
Makhleb
Okawaru
Qazlal
Ru
Sif Muna
Trog
Uskayaw
Wu Jian
Xom
Zin
The Shining One

Annotations:
D:4 Eustachio, Pikel


Innate Abilities, Weirdness & Mutations

You passively map a small area around you.
You are easily found by Zot.
You glow in the dark.
You regain HP and MP as you explore.


Message History

Aiming: Sandblast (safe; 1% risk of failure)
Press: ? - help, Shift-Dir - straight line, f/p - Eustachio
Aim: Eustachio, wielding a +3 falchion of protection and wearing a +0 leather armour (lightly wounded, 76% to hit)
The blast of sand hits the iron imp but does no damage.
The ufetubus hits you but does no damage.
The ufetubus completely misses you. The white imp gestures at you.
The puff of frost hits you!
* * * LOW HITPOINT WARNING * * *
The iron imp hits you!
* * * LOW HITPOINT WARNING * * *
The ufetubus hits you.
* * * LOW HITPOINT WARNING * * *
The ufetubus barely misses you. The white imp closely misses you.
Eustachio hits you with a +3 falchion of protection.
* * * LOW HITPOINT WARNING * * *
The ufetubus misses you. The ufetubus completely misses you.
There is a stone staircase leading up here.
Eustachio hits you with a +3 falchion of protection!
* * * LOW HITPOINT WARNING * * *
The ufetubus closely misses you. x2; The iron imp misses you.
You climb upwards.
The white imp disappears in a puff of smoke!
The iron imp disappears in a puff of smoke!
The ufetubus disappears in a puff of smoke!
Level annotation: Pikel The lemure hits you.
* * * LOW HITPOINT WARNING * * *
The lemure closely misses you.
Your magical contamination has completely faded away.
There is a stone staircase leading down here.
Casting: Sandblast (safe; 1% risk of failure)
Confirm with . or Enter, or press ? or * to list all spells.
Aiming: Sandblast (safe; 1% risk of failure)
Press: ? - help, Shift-Dir - straight line, f - lemure
Aim: a lemure (79% to hit)
The blast of sand hits the lemure.
The lemure is moderately wounded.
Eustachio hits you but does no damage. The lemure hits you.
You die...

#....#...##....#..
#... #....'....##.
######...##....##.
#..###'###....##.
#..##...##....###
#..'.....'....'##
#..#....##....###
###'###'######## #
#@5.......#....# #
#.@[......#....# #
#.........#....###
#.........#....'##
#.........#...####
#....5....#...#...
#####.....#...#...
#.....#...#...
#.....##'##...


You could see Eustachio and 2 lemures.

Vanquished Creatures
  4 adders
  An ufetubus (D:4)
  2 worms (D:3)
  4 orcs
  3 endoplasms
  4 giant cockroaches
  4 goblins
  7 hobgoblins
  6 jackals
  4 quokkas
  6 ball pythons
  3 bats
  A frilled lizard (D:3)
  8 kobolds
57 creatures vanquished.

Notes
Turn   | Place    | Note
-------+----------+-------------------------------------------
     0 | D:1      | Strat the Meteoran Earth Elementalist began the quest for
                  | the Orb.
     0 | D:1      | Reached XP level 1. HP: 14/14 MP: 5/5
   193 | D:1      | Reached XP level 2. HP: 20/20 MP: 5/7
   218 | D:1      | Reached skill level 4 in Earth Magic
   412 | D:2      | Learned a level 2 spell: Passwall
   445 | D:2      | Reached XP level 3. HP: 17/26 MP: 5/9
   571 | D:2      | Reached XP level 4. HP: 33/33 MP: 4/10
   605 | D:2      | Found a faded altar of an unknown god.
   631 | D:2      | Learned a level 3 spell: Stone Arrow
   717 | D:3      | Learned a level 4 spell: Petrify
   768 | D:3      | Found a hide-covered altar of Uskayaw.
   768 | D:3      | Noticed a +0 falchion
   772 | D:3      | Noticed a +0 short sword
   772 | D:3      | Noticed a +0 dagger
   773 | D:3      | Noticed a +0 short sword
   774 | D:3      | Noticed a +0 spear
   775 | D:3      | Noticed a +0 falchion
   775 | D:3      | Noticed a +0 spear
   775 | D:3      | Noticed a +0 dagger
  1013 | D:3      | Found a snail-covered altar of Cheibriados.
  1019 | D:3      | Reached skill level 5 in Earth Magic
  1075 | D:4      | Found a staircase to the Ecumenical Temple.
  1087 | Temple   | Entered the Ecumenical Temple
  1142 | Temple   | Became a worshipper of Sif Muna the Loreminder
  1351 | D:4      | Reached XP level 5. HP: 32/38 MP: 9/12
  1630 | D:5      | Entered Level 5 of the Dungeon
  1632 | D:5      | Noticed a kobold brigand
  1667 | D:4      | Noticed a lemure
  1667 | D:4      | Noticed a lemure
  1668 | D:4      | Noticed Pikel
  1668 | D:4      | Noticed a lemure
  1752 | D:5      | Noticed Eustachio
  1754 | D:5      | Identified the +4 ring mail of the Wilderness {rC+}
  1770 | D:4      | HP: 1/39 [lemure[Pikel] (3)]
  1771 | D:4      | Slain by a lemure

Illustrated notes

Levels and vault maps discovered:
D:1:      minmay_arrival_semitransparent, layout_basic, serial_rivers,
          chequers_serial_rivers_micro_b, chequers_serial_rivers_small_a,
          chequers_serial_rivers_micro_e, chequers_serial_rivers_large_b,
          hangedman_decor_peaks_small, grunt_decor_junction
D:2:      layout_rooms, ebering_ecumenical_altar_petrified, feat_on_display
D:3:      layout_rooms, nicolae_uskayaw_en_pointe, slow_altar_2, serial_shops,
          shop
D:4:      layout_gridville, minmay_temple_entry_trees, minmay_misc_feat_hallway,
          uniq_pikel
D:5:      layout_loops_ring, uniq_eustachio
Temple:   eino_temple_rhombus

Skill      XL: |  1  2  3  4 |
---------------+-------------+-----
Spellcasting   | 3 4 |  4.5
Earth Magic    | 4 5 |  5.1
Fighting       | |  0.7
Dodging        | |  2.7
Stealth        | |  1.4
Transmutations | |  1.2

Action                     |  1- 3 |  4- 6 || total
---------------------------+-------+-------++-------
   Cast: Sandblast         |    44 |    58 ||   102
 Armour: Robe              |     5 |    10 ||    15
  Dodge: Dodged            |    13 |    27 ||    40
